 Dungeon Crawl Stone Soup version 0.31-a0-667-g39726597b9 (webtiles) character file.

Game seed: 316674657377576360

5 Bravepunisher the Ducker (level 1, -2/11 HPs)
             Began as a Spriggan Monk on Sept 3, 2023.
             Slain by a yak (13 damage)
             ... on level 8 of the Dungeon.
             The game lasted 00:04:19 (760 turns).

Bravepunisher the Ducker (Spriggan Monk)             Turns: 760, Time: 00:04:19

Health: -2/11      AC:  3    Str:  7    XL:     1   Next: 66%
Magic:  2/2        EV: 19    Int: 11    God:
Gold:   9          SH:  0    Dex: 17    Spells: 0/0 levels left

rFire   . . .        c - +2 dagger (venom)
rCold   . . .        d - orb {light}
rNeg    . . .        b - +1 robe
rPois   .            (helmet restricted)
rElec   .            (no cloak)
rCorr   .            (gloves unavailable)
SInv    +            (boots unavailable)
Will    .....        (no amulet)
Stlth   +            (no ring)
HPRegen 0.21/turn    (no ring)
MPRegen 0.08/turn

%: no passive effects
@: attractive, glowing, very quick
A: very small, no large weapons, unfitting armour, see invisible, speed 3
a: no special abilities


You were on level 8 of the Dungeon.
You visited 1 branch of the dungeon, and saw 8 of its levels.

You collected 9 gold pieces.

Inventory:

Hand Weapons
 c - a +2 dagger of venom (weapon)
Armour
 b - a +1 robe (worn)
 d - an orb of light (worn)
Wands
 j - a wand of digging (6)
Scrolls
 f - 2 scrolls of amnesia
Potions
 e - a potion of ambrosia


   Skills:
 + Level 2.5 Fighting
 - Level 3.2 Short Blades
 * Level 4.3 Dodging


You couldn't memorise any spells.
You didn't know any spells.
Your spell library was empty.

Dungeon Overview and Level Annotations

Branches:
Dungeon (8/15)
 Temple: D:4-7         Lair: D:8-11

Altars:
Wu Jian


Innate Abilities, Weirdness & Mutations

You are very small and have problems with some larger weapons.
You are too small for most types of armour.
You have supernaturally acute eyesight. (SInv)
You cover ground extremely quickly. (Speed+++)


Message History

The bullfrog is lightly wounded.
The bullfrog barely misses you.
You completely miss the bullfrog.
The bullfrog is lightly wounded.
The bullfrog barely misses you.
You barely miss the bullfrog.
The bullfrog is lightly wounded.
The bullfrog barely misses you.
You barely miss the bullfrog.
The bullfrog is moderately wounded.
The bullfrog hits you. The bullfrog misses you.
You barely miss the bullfrog.
The bullfrog is moderately wounded.
You are confused.
You feel invigorated.
You hit the yak but do no damage. The yak completely misses you.
You hit the yak but do no damage.
The bullfrog releases a deep croak.
The yak closely misses you.
You hit the yak.
The yak is poisoned.
The yak is lightly wounded.
You closely miss the yak.
The yak is lightly wounded.
The yak closely misses you.
You bump into the rock wall.
You feel less invigorated.
You feel less confused. The yak closely misses you.
You hit the yak.
The yak is moderately wounded.
The yak completely misses you.
You hit the yak.
The yak looks as sick as possible!
The yak is moderately wounded.
The yak closely misses you.
You barely miss the yak.
The yak is moderately wounded.
You hit the yak.
The yak looks as sick as possible!
The yak is heavily wounded.
The yak gores you!
Ouch! That really hurt!
You die...

.. ...
#.. #.#
### ..#
##§#
##.##Y@#
##..zF###
#.
#...Y§#
.##
#..###z#
.z.##
#..# #§#
#..##..#
#.#
#....#
#z#
##.z.##
#Y#
#.....##
##.#


You could see a yak (extremely poisoned) and a bullfrog (poisoned).

Vanquished Creatures
  A giant cockroach (D:2)
  3 kobolds (D:2)
  A rat (D:2)
5 creatures vanquished.

Notes
Turn   | Place    | Note
-------+----------+-------------------------------------------
     0 | D:1      | Bravepunisher the Spriggan Monk began the quest for the
                  | Orb.
     0 | D:1      | Reached XP level 1. HP: 11/11 MP: 2/2
   346 | D:5      | Entered Level 5 of the Dungeon
   350 | D:5      | Noticed a centaur
   351 | D:5      | Noticed a scorpion
   355 | D:4      | Noticed a scorpion
   540 | D:6      | Found an ornate altar of the Wu Jian Council.
   565 | D:6      | Noticed a black bear
   586 | D:7      | Noticed an ogre
   603 | D:7      | Noticed a killer bee
   603 | D:7      | Noticed a killer bee
   604 | D:7      | Noticed a killer bee
   605 | D:7      | Noticed a killer bee
   605 | D:7      | Noticed a killer bee
   634 | D:8      | Noticed a steam dragon
   720 | D:8      | Noticed a wight
   720 | D:8      | Noticed a wight
   725 | D:8      | Noticed a wight
   727 | D:8      | Noticed a yak
   727 | D:8      | Noticed a yak
   735 | D:8      | Noticed a bullfrog
   760 | D:8      | Slain by a yak

Illustrated notes

Levels and vault maps discovered:
D:1:      dpeg_arrival_stonehenge_8_columns, layout_basic
D:2:      layout_loops_corners
D:3:      cheibrodos_fertilizer, layout_basic
D:4:      layout_basic
D:5:      layout_loops_ring, minmay_temple_entry_arrows, portal_sewer_entry_b,
          serial_bayou, serial_bayou_ford_a, serial_bayou_lagoon_b,
          serial_bayou_pond_b, serial_bayou_pond_a, serial_bayou_pond_e
D:6:      cheibrodos_barr_body, layout_rooms,
          mainiacjoe_overflow_surrounded_room, amcnicky_mini_corridor_feature,
          minmay_misc_feat_x
D:7:      minmay_inner_zag, layout_rooms, kennysheep_small_spiral
D:8:      layout_layer_cave, nicolae_overflow_hidden_temple,
          gammafunk_temple_overflow_forgotten, serial_shops, shop

Action                     || total
---------------------------++-------
  Melee: Short sword       ||    22
         Dagger            ||    13
    Use: Scroll            ||     4
         Potion            ||     4
 Armour: Robe              ||    10
  Dodge: Dodged            ||    38

Table legend: (Time is in decaauts)
 A = Elapsed time spent in this place.
 B = Non-inter-level travel time spent in this place.
 C = Inter-level travel time spent in this place.
 D = Time resting spent in this place.
 E = Time spent auto-exploring this place.
 F = Levels seen in this place.
 G = Mean time per level.
                   A        B        C        D        E       F      G
               +--------+--------+--------+--------+--------+-----+--------+
         Total |    492 |    492 |      0 |      2 |    149 |   8 |   61.5 |
       Dungeon |    492 |    492 |      0 |      2 |    149 |   8 |   61.5 |
               +--------+--------+--------+--------+--------+-----+--------+

Top non-repeatable levels by time:
     D:2: 178 daAuts
     D:4: 101 daAuts
     D:8: 94 daAuts
     D:6: 56 daAuts
     D:7: 21 daAuts
     D:5: 19 daAuts
     D:3: 19 daAuts
     D:1: 1 daAuts
